 Dungeon Crawl Stone Soup version 0.25-a0-246-g58704a1 (webtiles) character file.

Game seed: 4380905001335454316, levelgen mode: deterministic

2611 Blackhawk the Cleaver (level 9, -11/81 HPs)
             Began as a Minotaur Fighter on Dec 3, 2019.
             Was a Priest of Makhleb.
             Mangled by an orc warrior
             ... wielding a +0 dire flail
              (16 damage)
             ... on level 7 of the Dungeon.
             The game lasted 00:08:32 (6984 turns).

Blackhawk the Cleaver (Minotaur Fighter)            Turns: 6984, Time: 00:08:32

Health: -11/81     AC: 13    Str: 24    XL:     9   Next: 34%
Magic:  9/9        EV:  7    Int:  5    God:    Makhleb [***...]
Gold:   331        SH:  0    Dex: 10    Spells: 8/8 levels left

rFire    . . .     SeeInvis .   a - +1 war axe
rCold    . . .     Gourm    .   c - +0 shield
rNeg     . . .     Faith    +   r - +0 plate armour
rPois    .         Spirit   .   (helmet restricted)
rElec    .         Reflect  .   (no cloak)
rCorr    .         Harm     .   (no gloves)
MR       .....                  (no boots)
Stlth    ..........             x - amulet of faith
HPRegen  0.23/turn              B - +2 ring of evasion
MPRegen  0.11/turn              w - ring of wizardry

@: confused, studying Stealth
A: retaliatory headbutt, horns 2
a: Minor Destruction, Lesser Servant of Makhleb, Renounce Religion


You were on level 7 of the Dungeon.
You worshipped Makhleb.
Makhleb was most pleased with you.
You were not hungry.

You visited 1 branch of the dungeon, and saw 7 of its levels.

You collected 331 gold pieces.

Inventory:

Hand Weapons
 a - a +1 war axe (weapon)
Missiles
 G - 2 throwing nets (quivered)
Armour
 b - a +0 scale mail
 c - a +0 shield (worn)
 r - a +0 plate armour (worn)
Jewellery
 l - an uncursed ring of ice
 w - a ring of wizardry (right hand)
 x - an amulet of faith (around neck)
 B - a +2 ring of evasion (left hand)
Wands
 u - a wand of disintegration (5)
 E - a wand of paralysis (10)
 F - a wand of acid (6)
Scrolls
 j - 3 scrolls of fear
 m - 2 scrolls of amnesia
 n - 5 scrolls of identify
 t - a scroll of teleportation
 I - 3 scrolls of fog
Potions
 d - a potion of might
 g - 2 potions of magic {unknown}
 h - a potion of haste {unknown}
 k - 3 potions of curing {unknown}
 p - 2 potions of heal wounds {unknown}
 q - 2 potions of flight {unknown}
 v - a potion of cancellation {unknown}
 A - 2 potions of degeneration {unknown}
 D - a potion of resistance {unknown}
 H - a potion of brilliance {unknown}
Books
 K - a manual of Stealth
Comestibles
 f - 8 rations


   Skills:
 + Level 8.2 Fighting
 * Level 8.3 Axes
 + Level 8.1 Armour
 + Level 8.1 Shields
 + Level 2.3 Invocations


You had 8 spell levels left.
You didn't know any spells.
Your spell library was empty.

Dungeon Overview and Level Annotations

Branches:
Dungeon (7/15)             Temple (0/1) D:5

Altars:
Fedhas
Makhleb
Okawaru
Qazlal
Sif Muna
The Shining One

Shops:
D:5 %

Annotations:
D:4 1 runed translucent door, hbr223's ghost, amateur TrEE


Innate Abilities, Weirdness & Mutations

You reflexively headbutt those who attack you in melee.
You have a pair of horns on your head.


Message History

Beogh smites you!
* * * LOW HITPOINT WARNING * * *
You slash the orc warrior!
The orc warrior is heavily wounded.
The orc warrior hits you with a +0 dire flail!
* * * LOW HITPOINT WARNING * * *
You closely miss the orc warrior.
You headbutt the orc warrior, but do no damage.
The orc warrior is heavily wounded.
You block the orc warrior's attack.
Your plate armour prevents you from hitting the orc warrior.
The orc warrior is heavily wounded.
An orc priest comes into view.
You block the orc warrior's attack.
The orc priest looks braver for a moment.
It was a potion of ambrosia.
You are confused.
You feel invigorated.
The orc warrior hits you with a +0 dire flail!
You die...

#.##.....).# #.......#
####.##.......# #.#.###.#
#.............# #.#.###.#
#.##.##.####### #.#..##.#
#.##.##.##...# #.##.##.#
#.......##...# #.##.##.#
#..#.##.##...####.......#
#.............).####.####
##.#.....o..o.o@.....#
#.####.......).######
#......##...####
#########...# #...# #####


You could see an orc warrior and 2 orc priests.

Vanquished Creatures
  Grinder (D:4)
  Prince Ribbit (D:6)
  Eustachio (D:6)
  Edmund (D:5)
  A water moccasin (D:5)
  An orc warrior (D:5)
  A hornet zombie (D:7)
  2 ice beasts
  A phantom (D:6)
  A centaur (D:5)
  2 ogres
  2 scorpions
  A howler monkey (D:4)
  A bullfrog zombie (D:5)
  3 orc priests
  A jelly (D:6)
  A gnoll shaman (D:6)
  A hound (D:4)
  5 orc wizards
  A centaur skeleton (D:3)
  2 iguanas (D:5)
  Ijyb (D:5)
  8 worker ants
  Terence (D:3)
  A hound skeleton (D:7)
  A howler monkey zombie (D:7)
  A howler monkey skeleton (D:4)
  10 gnolls
  9 adders
  A shadow imp (D:5)
  An adder skeleton (D:7)
  A worm (D:4)
  3 dart slugs
  6 leopard geckos
  27 orcs
  A ball python (D:2)
  6 giant cockroaches
  4 goblins
  2 hobgoblins
  2 jackals (D:2)
  14 kobolds
  3 quokkas
  4 bats
  4 frilled lizards
  A quokka skeleton (D:7)
  3 rats
146 creatures vanquished.

Notes
Turn   | Place    | Note
-------+----------+-------------------------------------------
     0 | D:1      | Blackhawk the Minotaur Fighter began the quest for the Orb.
     0 | D:1      | Reached XP level 1. HP: 19/19 MP: 0/0
   216 | D:1      | Reached XP level 2. HP: 22/27 MP: 1/1
   950 | D:2      | Reached XP level 3. HP: 32/33 MP: 2/2
  1359 | D:2      | Reached XP level 4. HP: 31/41 MP: 3/3
  1999 | D:3      | Found a burning altar of Makhleb.
  2004 | D:3      | Found a shimmering blue altar of Sif Muna.
  2011 | D:3      | Became a worshipper of Makhleb the Destroyer
  2068 | D:3      | Found an iron altar of Okawaru.
  2319 | D:3      | Noticed Terence
  2326 | D:3      | Killed Terence
  2443 | D:3      | Reached XP level 5. HP: 46/47 MP: 4/4
  2784 | D:4      | Reached skill level 5 in Fighting
  2795 | D:4      | You fall into a shaft and drop 2 floors!
  2806 | D:6      | Reached skill level 5 in Armour
  2806 | D:6      | Reached skill level 5 in Shields
  2820 | D:6      | Noticed Eustachio
  2837 | D:6      | Killed Eustachio
  2837 | D:6      | Reached XP level 6. HP: 47/56 MP: 5/5
  2927 | D:6      | Found a blossoming altar of Fedhas.
  3023 | D:5      | Entered Level 5 of the Dungeon
  3023 | D:5      | Found a staircase to the Ecumenical Temple.
  3023 | D:5      | Noticed Edmund
  3023 | D:5      | Noticed Ijyb
  3038 | D:5      | Killed Edmund
  3038 | D:5      | Reached skill level 5 in Axes
  3038 | D:5      | Reached XP level 7. HP: 62/62 MP: 6/6
  3075 | D:5      | Killed Ijyb
  3165 | D:5      | Reached * piety under Makhleb
  3926 | D:4      | Noticed Grinder
  3934 | D:4      | Killed Grinder
  3934 | D:4      | Reached XP level 8. HP: 71/71 MP: 7/7
  3963 | D:4      | Identified the +5 dagger of Peoliak {pierce, +Fly MR+} (You
                  | found it on level 4 of the Dungeon)
  4226 | D:4      | Found a runed translucent door.
  4226 | D:4      | Noticed hbr223's ghost (amateur TrEE)
  5002 | D:5      | Found Inal's Food Emporium.
  5007 | D:5      | Found a stormy altar of Qazlal.
  5189 | D:5      | Reached ** piety under Makhleb
  6097 | D:6      | Reached skill level 1 in Invocations
  6105 | D:6      | Noticed Prince Ribbit
  6121 | D:6      | Killed Prince Ribbit
  6121 | D:6      | Reached XP level 9. HP: 68/81 MP: 7/9
  6734 | D:7      | Found a glowing golden altar of the Shining One.
  6886 | D:7      | Reached *** piety under Makhleb
  6981 | D:7      | HP: 1/81 [orc warrior/+0 dire flail (13)]
  6984 | D:7      | Mangled by an orc warrior

Levels and vault maps discovered:
D:1:      dpeg_arrival_castle, layout_loops_ring
D:2:      layout_basic, grunt_decor_fettered, lexackson_kobold_supper
D:3:      layout_basic, grunt_temple_overflow_open, okawaru_metal_pillars_3,
          uniq_terence
D:4:      layout_loops_corners, ebering_ghost_reflecting_pool, uniq_grinder
D:5:      layout_basic, nicolae_overflow_crystal_walls,
          minmay_temple_entry_drinking_statues, serial_shops, shop,
          first_ration, minmay_manual_monstrance, uniq_ijyb, uniq_edmund
D:6:      layout_rooms, fedhas_altar_3, uniq_prince_ribbit1, uniq_eustachio
D:7:      layout_loops_cross, kennysheep_little_box, kennysheep_another_room

Skill      XL: |  1  2  3  4  5  6  7  8  9 |
---------------+----------------------------+-----
Fighting       | 4 5 6 7 8 |  8.2
Shields        | 4 5 6 7 8 |  8.1
Armour         | 4 5 6 7 8 |  8.1
Axes           | 3 4 5 6 7 8 |  8.3
Invocations    | 1 2 |  2.3

Action                   |  1- 3 |  4- 6 |  7- 9 || total
-------------------------+-------+-------+-------++-------
Melee: War axe           |   113 |   114 |   347 ||   574
       Headbutt          |    11 |    19 |    62 ||    92
  Use: Scroll            |       |       |    11 ||    11
       Potion            |       |       |     1 ||     1
  Eat: Chunk             |     1 |     3 |    13 ||    17
       Ration            |       |     1 |       ||     1
Armor: Scale mail        |    38 |       |       ||    38
       Plate armour      |    32 |   112 |   171 ||   315
       Skin              |       |    15 |     7 ||    22
Dodge: Dodged            |    19 |     4 |    37 ||    60
Block: Shield            |    65 |    71 |   180 ||   316

Table legend:
 A = Non-vault XP
 B = Vault XP
 C = Vault XP percentage of total XP
 D = Non-vault monster count
 E = Vault monster count
 F = Vault count percentage of total count
                 A         B        C        D         E       F
            +---------+---------+-------+---------+---------+-------
      Total |    2532 |    1199 |  32.1 |     132 |      14 |   9.6
            +---------+---------+-------+---------+---------+-------
        D:1 |      29 |       0 |   0.0 |      18 |       0 |   0.0
        D:2 |      64 |       5 |   7.2 |      14 |       5 |  26.3
        D:3 |     162 |      32 |  16.5 |      17 |       1 |   5.6
        D:4 |     332 |     286 |  46.3 |      18 |       1 |   5.3
        D:5 |     699 |     388 |  35.7 |      26 |       5 |  16.1
        D:6 |     582 |     488 |  45.6 |      19 |       2 |   9.5
        D:7 |     664 |       0 |   0.0 |      20 |       0 |   0.0
            +---------+---------+-------+---------+---------+-------
